 Dungeon Crawl Stone Soup version 0.28.0-53-g5a82cb258f (webtiles) character file.

Game seed: 15045030698831651925

79 MiltankisOP the Cudgeller (level 4, -4/48 HPs)
             Began as an Ogre Gladiator on July 10, 2022.
             Slain by an iguana (7 damage)
             ... on level 3 of the Dungeon.
             The game lasted 00:02:29 (2448 turns).

MiltankisOP the Cudgeller (Ogre Gladiator)          Turns: 2448, Time: 00:02:30

Health: -4/48      AC:  3    Str: 20    XL:     4   Next: 38%
Magic:  4/4        EV: 10    Int:  9    God:
Gold:   59         SH:  0    Dex: 10    Spells: 3/3 levels left

rFire   . . .      SeeInvis .   a - +0 flail
rCold   . . .      Faith    .   (no shield)
rNeg    . . .      Spirit   .   b - +0 robe
rPois   .          Reflect  .   c - +0 hat
rElec   .          Harm     .   (no cloak)
rCorr   .          Rampage  .   (gloves unavailable)
Will    .....                   (boots unavailable)
Stlth   +.........              (no amulet)
HPRegen 0.16/turn               (no ring)
MPRegen 0.09/turn               (no ring)

@: no status effects
A: large, unfitting armour, tough skin 1
a: no special abilities


You were on level 3 of the Dungeon.
You visited 1 branch of the dungeon, and saw 3 of its levels.

You collected 59 gold pieces.

Inventory:

Hand Weapons
 a - a +0 flail (weapon)
Missiles
 d - 3 throwing nets (quivered)
Armour
 b - a +0 robe (worn)
 c - a +0 hat (worn)
Scrolls
 e - a scroll of teleportation {unknown}
 f - 2 scrolls of identify {unknown}
 h - a scroll of noise {unknown}
Potions
 g - a potion of curing {unknown}


   Skills:
 + Level 4.0 Fighting
 * Level 4.1 Maces & Flails
 - Level 2.0 Throwing
 - Level 2.6 Dodging


You had 3 spell levels left.
You didn't know any spells.
Your spell library contained the following spells:

 Spells                   Type           Power      Damage    Failure   Level
 Conjure Flame            Conj/Fire      0%         6-21      77%         3
 Ignite Poison            Fire/Tmut/Pois 0%         N/A       77%         3
 Sticky Flame             Conj/Fire      0%         2d3       99%         4


Dungeon Overview and Level Annotations

Branches:
Dungeon (3/15)

Altars:
Fedhas


Innate Abilities, Weirdness & Mutations

You are too large for most types of armour.
You have tough skin. (AC +1)


Message History

You hear the sound of rushing water.
There is an entrance to a sewer on this level.
Hurry and find it before the portal rusts away!
There is a stone staircase leading up here.
An iguana is nearby!
Found a short sword.
The iguana hisses angrily.
The iguana hisses menacingly.
You barely miss the iguana. The iguana bites you!
You closely miss the iguana. The iguana bites you!
You are too injured to fight recklessly!
You are too injured to fight recklessly!
You are too injured to fight recklessly!
You are too injured to fight recklessly!
You are too injured to fight recklessly!
You are too injured to fight recklessly!
You are too injured to fight recklessly!
You are too injured to fight recklessly!
You are too injured to fight recklessly!
You are too injured to fight recklessly!
You closely miss the iguana. The iguana bites you!
You hit the iguana.
The iguana is lightly wounded.
The iguana bites you.
You hit the iguana.
The iguana is heavily wounded.
The iguana barely misses you. The iguana bites you.
You hit the iguana but do no damage.
The iguana is heavily wounded.
The iguana barely misses you.
You hit the iguana.
The iguana is almost dead.
The iguana bites you!
* * * LOW HITPOINT WARNING * * *
You hit the iguana but do no damage.
The iguana is almost dead.
The iguana barely misses you.
You hit the iguana but do no damage.
The iguana is almost dead.
The iguana bites you!
You die...

## .. .#
)# .#
###l#.##
#.@....#
#<#.#..#
###.# #
.# ##


You could see an iguana.

Vanquished Creatures
  2 adders (D:2)
  2 worms (D:2)
  A dart slug (D:2)
  3 endoplasms (D:2)
  4 giant cockroaches
  A goblin (D:1)
  3 hobgoblins
  7 jackals (D:1)
  3 quokkas
  5 ball pythons
  6 bats
  7 kobolds
  3 rats
47 creatures vanquished.

Notes
Turn   | Place    | Note
-------+----------+-------------------------------------------
     0 | D:1      | MiltankisOP the Ogre Gladiator began the quest for the Orb.
     0 | D:1      | Reached XP level 1. HP: 22/22 MP: 1/1
   179 | D:1      | Reached XP level 2. HP: 14/31 MP: 2/2
   913 | D:1      | Reached XP level 3. HP: 16/37 MP: 3/3
  1293 | D:1      | Found a faded altar of an unknown god.
  1796 | D:2      | Reached XP level 4. HP: 44/48 MP: 4/4
  2227 | D:2      | Found a blossoming altar of Fedhas.
  2446 | D:3      | HP: 2/48 [iguana (13)]
  2448 | D:3      | Slain by an iguana

Illustrated notes

Levels and vault maps discovered:
D:1:      arrival_zaba_pyramid, layout_basic,
          shapermc_ecumenical_altar_hornbeckon, chequers_serial_rivers_micro_c
D:2:      layout_loops_cross, basic_altar
D:3:      layout_basic, mainiacjoe_overflow_concentric_impassable,
          gup_sewer_entry_bubbles, kennysheep_generic_room_3, uniq_natasha

Skill      XL: |  1  2  3  4 |
---------------+-------------+-----
Fighting       | 3 4 |  4.0
Maces & Flails | 3 4 |  4.1
Throwing       | |  2.0
Dodging        | |  2.6

Action                   |  1- 3 |  4- 6 || total
-------------------------+-------+-------++-------
Melee: Flail             |   129 |    36 ||   165
       Punch             |     1 |       ||     1
Armor: Robe              |    47 |    14 ||    61
Dodge: Dodged            |   112 |    17 ||   129
